 Dungeon Crawl Stone Soup version 0.22-a0-858-g985ef60 (webtiles) character file.

9921 HAL9000 the Covert (level 11, 0/52 HPs)
             Began as a Vine Stalker Assassin on July 27, 2018.
             Was an Elder of Dithmenos.
             Slain by a porcupine (12 damage)
             ... on level 1 of the Lair of Beasts.
             The game lasted 00:42:24 (10981 turns).

HAL9000 the Covert (Vine Stalker Assassin)         Turns: 10981, Time: 00:42:24

Health: 0/52       AC: 11    Str: 22    XL:     11   Next: 54%
Magic:  0/18       EV: 17    Int: 11    God:    Dithmenos [****..]
Gold:   207        SH:  6    Dex: 19    Spells: 15/18 levels left

rFire    . . .     SeeInvis .   r - +0 dagger (protect)
rCold    . . .     Gourm    .   A - +0 buckler
rNeg     . . .     Faith    +   I - +2 leather armour "Wuelik" {Dex+2}
rPois    .         Spirit   +   o - +2 helmet
rElec    .         Reflect  .   d - +1 cloak
rCorr    .         Harm     .   l - +0 pair of gloves
MR       +....                  (no boots)
Stlth    +++++++...             P - amulet of faith
HPRegen  0.57/turn              W - +6 ring of strength
MPRegen  0.16/turn              S - +6 ring of evasion

@: wreathed by umbra
A: fangs 3, regeneration 1, magic shield, antimagic bite, no potion heal 3, rot
immunity
a: Shadow Step, Renounce Religion


You were on level 1 of the Lair of Beasts.
You worshipped Dithmenos.
Dithmenos was greatly pleased with you.
You were not hungry.

You visited 3 branches of the dungeon, and saw 13 of its levels.

You collected 635 gold pieces.
You spent 428 gold pieces at shops.

Inventory:

Hand Weapons
 a - a +2 dagger
 b - a +0 blowgun
 r - a +0 dagger of protection (weapon)
Missiles
 e - 26 poisoned needles
 L - 7 tomahawks (quivered)
 Z - 12 curare-tipped needles
Armour
 d - a +1 cloak (worn)
 l - a +0 pair of gloves (worn)
 o - a +2 helmet (worn)
 A - a +0 buckler (worn)
 I - the +2 leather armour "Wuelik" (worn) {Dex+2}
   (You bought it in a shop on level 4 of the Dungeon)

   It affects your dexterity (+2).
Jewellery
 s - a +2 ring of evasion
 y - a +3 ring of protection
 G - an uncursed ring of protection from magic
 P - an amulet of faith (around neck)
 Q - an uncursed ring of poison resistance
 S - a +6 ring of evasion (right hand)
 W - a +6 ring of strength (left hand)
Wands
 F - a wand of flame (21)
 O - a wand of disintegration (14)
 V - a wand of paralysis (11)
Scrolls
 j - 5 scrolls of fear
 z - a scroll of fog
 B - 3 scrolls of identify
 J - 2 scrolls of remove curse
 K - 2 scrolls of immolation {unknown}
 M - 3 scrolls of random uselessness {unknown}
 R - 3 scrolls of enchant weapon {unknown}
 Y - 5 scrolls of teleportation
Potions
 i - a potion of haste
 x - a potion of might
 C - a potion of brilliance
 D - 2 potions of lignification
 E - a potion of magic
 H - 2 potions of curing
 N - a potion of resistance {unknown}
 T - a potion of ambrosia
 U - a potion of agility
 X - 2 potions of flight {unknown}
Comestibles
 g - 15 rations


   Skills:
 - Level 3.2 Fighting
 - Level 10.3 Short Blades
 - Level 1.7 Throwing
 - Level 0.7 Dodging
 + Level 11.7 Stealth
 - Level 4.1 Shields
 - Level 4.0 Spellcasting
 + Level 8.8 Hexes


You had 15 spell levels left.
You knew the following spells:

 Your Spells              Type           Power        Failure   Level  Hunger
x - Confuse               Hex            ###.....     2%          3    ###....

Your spell library contained the following spells:

 Spells                   Type           Power        Failure   Level  Hunger
 Regeneration             Chrm/Necr      #.........   63%         3    ###....
 Confusing Touch          Hex            ###...       1%          1    #......
 Metabolic Englaciation   Hex/Ice        ##........   77%         5    ######.
 Petrify                  Tmut/Erth      #.......     95%         4    #####..
 Shroud of Golubria       Chrm/Tloc      #.........   38%         2    ##.....
 Infusion                 Chrm           #...         26%         1    #......
 Song of Slaying          Chrm           #.......     38%         2    ##.....
 Spectral Weapon          Hex/Chrm       ##......     13%         3    ###....
 Gell's Gravitas          Tloc           #.........   63%         3    ###....
 Yara's Violent Unravell  Hex/Tmut       ##........   77%         5    ######.


Dungeon Overview and Level Annotations

Branches:
Dungeon (10/15)            Temple (1/1) D:7            Lair (2/6) D:9
    Orc (0/2) D:9
  Swamp: Lair:2-4    Shoals: Lair:2-4     Snake: Lair:2-4    Spider: Lair:2-4

Altars:
Ashenzari
Cheibriados
Dithmenos
Elyvilon
Fedhas
Gozag
Hepliaklqana
Kikubaaqudgha
Makhleb
Nemelex Xobeh
Okawaru
Qazlal
Ru
Sif Muna
Trog
Uskayaw
Vehumet
Wu Jian
Xom
Yredelemnul
Zin
The Shining One

Shops:
D:4 :?[}*   D:8 *


Innate Abilities, Weirdness & Mutations

You have razor-sharp teeth.
Your natural rate of healing is unusually fast.
When hurt, damage is shared between your health and your magic reserves.
Your bite disrupts and absorbs the magic of your enemies.
Potions cannot restore your health.
You are immune to rotting.


Message History

The spiny frog stings you!
Casting: Confuse (safe; 2% risk of failure)
Confirm with . or Enter, or press ? or * to list all spells.
Aiming: Confuse (safe; 2% risk of failure)
Press: ? - help, Shift-Dir - straight line, f/p - spiny frog
Aim: a spiny frog (umbra, chance to defeat MR: 50%)
The spiny frog resists with significant effort.
You feel sick. The porcupine bites you! You block the spiny frog's attack.
Casting: Confuse (safe; 2% risk of failure)
Confirm with . or Enter, or press ? or * to list all spells.
Aiming: Confuse (safe; 2% risk of failure)
Press: ? - help, Shift-Dir - straight line, f/p - spiny frog
Aim: a spiny frog (umbra, chance to defeat MR: 50%)
The spiny frog appears confused.
You feel sick. The porcupine barely misses you. The porcupine bites you.
* * * LOW HITPOINT WARNING * * *
You feel sick.
You see here a komodo dragon corpse.
Your system rejects the healing.
You feel better. The porcupine bites you!
You die...

...........####..#
.........### #..##
........## ##..#
.......## #..#
.####..#########..#
####..#.##.....#P.# #
#...#.........F.## #
##...............#
#..#..........@..##
#...†.........r...#
##.PP..............#
##..#.†.............##
#..###...............#
#..# ##.............##
#[.# ##............##
#.## #.......#)##..##
..# ##....#####....###


You could see a spiny frog (confused) and a porcupine.

Vanquished Creatures
  A two-headed ogre (D:8)
  Pikel (D:4)
  A spiny frog (Lair:1)
  3 komodo dragons (Lair:1)
  A troll (D:9)
  3 slime creatures (D:8)
  Eustachio (D:4)
  A wyvern (D:9)
  9 yaks
  A hungry ghost (D:8)
  2 wargs (D:9)
  A porcupine (Lair:1)
  A water moccasin (Lair:1)
  3 slaves (D:3)
  8 orc warriors
  A phantom (D:6)
  A necrophage (D:9)
  9 ogres
  3 centaurs
  2 crocodiles (Lair:1)
  6 big kobolds
  6 bullfrogs
  3 gnoll sergeants (D:9)
  A wyvern skeleton (D:7)
  3 wights
  2 howler monkeys (D:9)
  5 crimson imps
  A bullfrog zombie (D:5)
  A centaur zombie (D:5)
  3 hounds
  11 orc wizards
  10 orc priests
  A bullfrog skeleton (D:8)
  6 jellies
  A centaur skeleton (D:7)
  2 iguanas
  7 worker ants
  A killer bee zombie (D:7)
  2 hound skeletons
  A worker ant zombie (D:9)
  9 gnolls
  A howler monkey skeleton (D:4)
  4 adders
  6 oozes
  3 adder skeletons
  4 worms
  2 dart slugs
  9 leopard geckos
  30 orcs
  2 ball pythons
  7 giant cockroaches
  4 hobgoblins
  11 jackals
  24 kobolds
  2 quokkas
  7 bats
  4 frilled lizards
  8 goblins
  7 rats
270 creatures vanquished.

Vanquished Creatures (others)
  Blork the orc (D:4)
  11 toadstools (D:8)
12 creatures vanquished.

Grand Total: 282 creatures vanquished

Notes
Turn   | Place    | Note
-------+----------+-------------------------------------------
     0 | D:1      | HAL9000 the Vine Stalker Assassin began the quest for the Orb.
     0 | D:1      | Reached XP level 1. HP: 11/11 MP: 2/2
    40 | D:1      | Reached XP level 2. HP: 15/15 MP: 3/3
   149 | D:1      | Reached XP level 3. HP: 18/18 MP: 4/4
  1199 | D:2      | Gained mutation: Your natural rate of healing is unusually fast. [Vine Stalker growth]
  1199 | D:2      | Reached XP level 4. HP: 21/23 MP: 5/5
  2332 | D:4      | Noticed an ogre
  2339 | D:4      | Killed an ogre
  2339 | D:4      | Reached skill level 5 in Short Blades
  2339 | D:4      | Reached XP level 5. HP: 26/26 MP: 6/6
  2373 | D:4      | Found Honnuem's Gadget Shoppe.
  2425 | D:4      | Reached XP level 6. HP: 23/30 MP: 7/7
  2610 | D:4      | Noticed a slave
  2611 | D:4      | Noticed a slave
  2612 | D:4      | Noticed a slave
  2612 | D:4      | Noticed Pikel
  2623 | D:4      | Noticed a slave
  2652 | D:3      | Killed a slave
  2727 | D:3      | Killed a slave
  2811 | D:3      | Killed a slave
  2849 | D:4      | Killed Pikel
  2849 | D:4      | Reached XP level 7. HP: 34/34 MP: 8/8
  2920 | D:4      | Killed Blork the orc
  2929 | D:4      | Found Daqarenete's Antique Armour Shoppe.
  3075 | D:4      | Noticed Eustachio
  3092 | D:4      | Killed Eustachio
  3092 | D:4      | Gained mutation: You have razor-sharp teeth. [Vine Stalker growth]
  3092 | D:4      | Reached XP level 8. HP: 27/38 MP: 9/9
  3160 | D:4      | Found a sparkling altar of Nemelex Xobeh.
  3203 | D:4      | Found Zasyod's Book Shoppe.
  3317 | D:4      | Found Meriocoe's Magic Scroll Shop.
  3402 | D:4      | Found Lunafrach's General Store.
  3489 | D:5      | Entered Level 5 of the Dungeon
  4490 | D:6      | Found a stormy altar of Qazlal.
  4490 | D:6      | Found a glowing golden altar of the Shining One.
  4546 | D:6      | Reached skill level 10 in Short Blades
  4715 | D:6      | Reached XP level 9. HP: 39/42 MP: 8/10
  4787 | D:6      | Reached skill level 5 in Stealth
  5480 | D:6      | Reached skill level 6 in Stealth
  5712 | D:4      | Bought a book of Misfortune for 260 gold pieces
  5716 | D:4      | Learned a level 3 spell: Confuse
  6026 | D:7      | Reached skill level 1 in Hexes
  6151 | D:7      | Reached skill level 1 in Spellcasting
  6594 | D:7      | Found a staircase to the Ecumenical Temple.
  6607 | D:7      | Reached skill level 7 in Stealth
  6612 | Temple   | Entered the Ecumenical Temple
  6718 | Temple   | Became a worshipper of Dithmenos the Shadowed
  7285 | D:7      | HP: 1/44 [orc warrior/flail (17)]
  7462 | D:8      | Found Qumeij's General Store.
  7585 | D:7      | Reached XP level 10. HP: 44/49 MP: 11/15
  7654 | D:8      | Noticed a two-headed ogre
  7696 | D:8      | Killed a two-headed ogre
  7696 | D:8      | Reached skill level 8 in Stealth
  7696 | D:8      | Reached skill level 5 in Hexes
  7820 | D:8      | Reached * piety under Dithmenos
  8257 | D:8      | Reached skill level 9 in Stealth
  8279 | D:8      | Reached ** piety under Dithmenos
  8641 | D:4      | Bought a fine leather armour for 168 gold pieces
  8651 | D:4      | Identified the +2 leather armour "Wuelik" {Dex+2} (You bought it in a shop on level 4 of the Dungeon)
  8834 | D:9      | Found an ancient bone altar of Kikubaaqudgha.
  8898 | D:9      | Reached skill level 10 in Stealth
  9095 | D:9      | Found a staircase to the Orcish Mines.
  9100 | D:9      | Reached *** piety under Dithmenos
  9114 | D:9      | Reached skill level 1 in Shields
  9114 | D:9      | Reached XP level 11. HP: 48/52 MP: 18/18
  9358 | D:9      | Found a staircase to the Lair.
  9555 | D:9      | Found a blossoming altar of Fedhas.
  9798 | D:10     | Entered Level 10 of the Dungeon
  9854 | Lair:1   | Entered Level 1 of the Lair of Beasts
  9983 | Lair:1   | Reached skill level 11 in Stealth
 10138 | Lair:1   | Reached **** piety under Dithmenos
 10981 | Lair:1   | Slain by a porcupine

Vault maps used:
D:1:      dpeg_arrival_water_temple_mockup
D:2:      first_ration
D:4:      nicolae_overflow_hidden_temple, serial_shops,
          nicolae_shop_behind_doors, shop, shop_coins, shop, shop,
          uniq_blork_the_orc, uniq_eustachio, uniq_pikel
D:6:      kb_forest_paths, gammafunk_temple_overflow_elements
D:7:      minmay_temple_entry_hall, grunt_ogre_cave, grunt_decor_arrowhead
D:8:      cheibrodos_fertilizer, serial_shops, shop
D:9:      lemuel_doored_altar, erik_lair_orcish_takeover,
          kennysheep_orc_monster_closet_entryway, fedhas_altar_2
Temple:   hc_temple_tempest_star
Lair:2:   minmay_shoals_entry_lonely_mermaid, columned_hall_lemuel,
          minmay_lindwurm_lava

Skill      XL: |  1  2  3  4  5  6  7  8  9 10 11 |
---------------+----------------------------------+-----
Short Blades   | 2 3 5 7 8 10 | 10.3
Fighting       | 3 |  3.2
Stealth        | 7 10 11 | 11.7
Hexes          | 4 7 8 |  8.8
Spellcasting   | 3 4 |  4.0
Shields        | 1 4 |  4.1
Throwing       | |  1.7
Dodging        | |  0.7

Action                   |  1- 3 |  4- 6 |  7- 9 | 10-12 || total
-------------------------+-------+-------+-------+-------++-------
Melee: Dagger            |    91 |   228 |   599 |   624 ||  1542
       Bite              |    22 |    68 |   220 |   303 ||   613
 Fire: Blowgun           |     2 |     4 |    11 |     1 ||    18
Throw: Tomahawk          |       |       |       |     1 ||     1
 Cast: Confuse           |       |       |       |    25 ||    25
Evoke: Wand              |       |       |     3 |       ||     3
  Use: Scroll            |       |     4 |     6 |     8 ||    18
       Potion            |       |     1 |       |     2 ||     3
 Stab: Sleeping          |     8 |    10 |    16 |    10 ||    44
       Distracted        |       |     1 |     1 |     2 ||     4
       Confused          |       |       |       |    15 ||    15
  Eat: Chunk             |     1 |     5 |    11 |    14 ||    31
       Ration            |       |       |     2 |       ||     2
Armor: Robe              |    22 |    75 |    66 |    32 ||   195
       Skin              |       |       |    13 |       ||    13
       Leather armour    |       |       |       |    44 ||    44
Dodge: Dodged            |    35 |   111 |   206 |   275 ||   627
Block: Buckler           |       |       |       |    31 ||    31

Table legend:
 A = Spawn XP
 B = Non-spawn XP
 C = Spawn XP percentage of total XP
 D = Spawn monster count
 E = Non-spawn monster count
 F = Spawn count percentage of total count
 G = Total turns spent on level
                    A         B        C        D         E        F      G
               +---------+---------+-------+---------+---------+-------+---------
         Total |       0 |   14173 |   0.0 |       0 |     267 |   0.0 | 10981
               +---------+---------+-------+---------+---------+-------+---------
           D:1 |       0 |      50 |   0.0 |       0 |      22 |   0.0 |   775
           D:2 |       0 |      57 |   0.0 |       0 |      21 |   0.0 |   934
           D:3 |       0 |      35 |   0.0 |       0 |      19 |   0.0 |   782
           D:4 |       0 |    1281 |   0.0 |       0 |      20 |   0.0 |  1155
           D:5 |       0 |     647 |   0.0 |       0 |      21 |   0.0 |  1051
           D:6 |       0 |     973 |   0.0 |       0 |      21 |   0.0 |  1516
           D:7 |       0 |    1050 |   0.0 |       0 |      23 |   0.0 |  1028
           D:8 |       0 |    2986 |   0.0 |       0 |      43 |   0.0 |  1308
           D:9 |       0 |    3760 |   0.0 |       0 |      59 |   0.0 |  1179
        Lair:1 |       0 |    3334 |   0.0 |       0 |      18 |   0.0 |  1113
               +---------+---------+-------+---------+---------+-------+---------
